 Dungeon Crawl Stone Soup version 0.30-a0-422-g946f4849ff (webtiles) character file.

Game seed: 11805933085463197121

1643 flotson the Trooper (level 8, -3/64 HPs)
             Began as a Demonspawn Delver on Dec 8, 2022.
             Slain by a bullfrog (11 damage)
             ... on level 6 of the Dungeon.
             The game lasted 00:13:54 (6262 turns).

flotson the Trooper (Demonspawn Delver)             Turns: 6262, Time: 00:13:54

Health: -3/64      AC:  8    Str: 14    XL:     8   Next: 67%
Magic:  8/8        EV: 12    Int: 13    God:
Gold:   233        SH:  5    Dex: 16    Spells: 7/7 levels left

rFire   . . .      SeeInvis +    v - +2 quarterstaff (chaos)
rCold   . . .      Faith    .    (shield currently unavailable)
rNeg    . . .      Spirit   .    l - +0 ring mail
rPois   .          Reflect  +    (helmet unavailable)
rElec   .          Harm     .    w - +0 cloak {Stlth+}
rCorr   .          Rampage  .    x - +0 pair of gloves
Will    .....                    (no boots)
Stlth   ++++......               b - amulet of reflection
HPRegen 0.30/turn                (no ring)
MPRegen 0.22/turn                (no ring)

@: mighty
A: antennae 3, thin skeletal structure 1, magic regeneration, demonic magic 2
a: no special abilities


You were on level 6 of the Dungeon.
You visited 2 branches of the dungeon, and saw 7 of its levels.

You collected 233 gold pieces.

Inventory:

Hand Weapons
 d - a +1 whip of venom
 v - a +2 quarterstaff of chaos (weapon)
Missiles
 a - 13 boomerangs
 f - 7 poisoned darts (quivered)
Armour
 l - a +0 ring mail (worn)
 w - a +0 cloak of stealth (worn)
 x - a +0 pair of gloves (worn)
Jewellery
 b - an amulet of reflection (around neck)
 r - a +4 ring of protection
Wands
 g - a wand of digging (3)
 o - a wand of flame (22)
 u - a wand of paralysis (7)
Scrolls
 c - a scroll of fog
 e - 4 scrolls of teleportation {unknown}
 h - a scroll of noise {unknown}
 i - a scroll of butterflies {unknown}
 j - 3 scrolls of enchant armour {unknown}
 k - a scroll of magic mapping
 m - a scroll of summoning {unknown}
 p - 2 scrolls of poison {unknown}
 q - a scroll of brand weapon {unknown}
 s - 5 scrolls of identify {unknown}
Potions
 n - a potion of flight {unknown}
 z - a potion of heal wounds
 A - 2 potions of berserk rage {unknown}
 B - a potion of curing {unknown}


   Skills:
 + Level 5.6 Fighting
 - Level 1.7 Axes
 + Level 4.1 Throwing
 + Level 4.2 Armour
 + Level 4.6 Dodging
 - Level 5.0 Stealth
 + Level 4.6 Evocations


You had 7 spell levels left.
You didn't know any spells.
Your spell library contained the following spells:

 Spells                   Type           Power      Damage    Failure   Level
 Ensorcelled Hibernation  Hex/Ice        0%         N/A       65%         2
 Gell's Gravitas          Tloc           0%         N/A       87%         3
 Lesser Beckoning         Tloc           0%         N/A       87%         3
 Spider Form              Tmut/Pois      0%         N/A       87%         3
 Summon Guardian Golem    Hex/Summ       0%         N/A       87%         3
 Teleport Other           Tloc           0%         N/A       87%         3
 Vhi's Electric Charge    Tloc/Air       0%         N/A       87%         3
 Anguish                  Hex/Necr       0%         N/A       99%         4
 Arcjolt                  Conj/Air       0%         1d10      100%        5
 Summon Forest            Summ/Tloc      0%         N/A       100%        5
 Summon Mana Viper        Hex/Summ       0%         N/A       100%        5
 Summon Cactus Giant      Summ           0%         N/A       100%        6
 Orb of Destruction       Conj           0%         9d5       100%        7
 Spellforged Servitor     Conj/Summ      0%         N/A       100%        7
 Maxwell's Capacitive Co  Air            0%         ∞         100%        8


Dungeon Overview and Level Annotations

Branches:
Dungeon (6/15)             Temple (1/1) D:6

Altars:
Ashenzari
Cheibriados
Dithmenos
Fedhas
Gozag
Hepliaklqana
Kikubaaqudgha
Makhleb
Okawaru
Qazlal
Ru
Sif Muna
Uskayaw
Vehumet
Wu Jian


Innate Abilities, Weirdness & Mutations

You have a pair of large antennae on your head. (SInv)
You have a somewhat thin skeletal structure. (Dex +2, Stealth+)
You regenerate magic rapidly.
Spells you cast may paralyse nearby enemies.


Message History

The bullfrog is heavily wounded.
The bullfrog hits you!
* * * LOW HITPOINT WARNING * * *
You block the bullfrog's attack. x2
Okay, then.
Unknown command.
You feel very mighty all of a sudden. The bullfrog hits you.
* * * LOW HITPOINT WARNING * * *
The bullfrog completely misses you.
You miss the bullfrog.
The bullfrog is heavily wounded.
The bullfrog closely misses you. x2; The bullfrog hits you.
* * * LOW HITPOINT WARNING * * *
You closely miss the bullfrog.
The bullfrog is heavily wounded.
The bullfrog closely misses you. You block the bullfrog's attack. x2
It was a potion of heal wounds.
You feel much better.
The bullfrog hits you but does no damage.
The bullfrog closely misses you.
You hit the bullfrog.
The bullfrog is poisoned.
The bullfrog is severely wounded.
The bullfrog hits you but does no damage.
The bullfrog hits you! The bullfrog barely misses you.
You hit the bullfrog. You burn the bullfrog.
The bullfrog is severely wounded.
You block the bullfrog's attack. The bullfrog hits you!
* * * LOW HITPOINT WARNING * * *
You block the bullfrog's attack. You block the bullfrog's attack.
The bullfrog hits you but does no damage.
The sky beast flickers out of sight for a moment.
The bullfrog attacks as you move away! The bullfrog hits you!
* * * LOW HITPOINT WARNING * * *
The bullfrog hits you.
* * * LOW HITPOINT WARNING * * *
The bullfrog attacks as you move away! The bullfrog hits you.
* * * LOW HITPOINT WARNING * * *
The bullfrog hits you!
You die...

. #.#.#[#.#..#.#######..#......
. ##.#.#......#.######...#......
..........#..#..........# .....
..............#######.##.#......
...........##.######..####....
............ ..............# #
!..........#####.#.#.#.#.#.#.#
.........†.WYl................
....[......####F@#.......#.#.#
............# #............#.#
............# #..#...>...#...#
............###..............#
..............#..#.......#...#
..............#..............+
..............#..#.#.#.#.#...#
.............>...............#
..............#...#..........#


You could see a sky beast (invisible), a phantom, a bullfrog (berserk, poisoned)
and an iguana.

Vanquished Creatures
  Grinder (D:6)
  Sigmund (D:2)
  An orc warrior (D:5)
  2 black bears (D:4)
  A phantom (D:5)
  2 scorpions
  A hound (D:5)
  4 orc priests
  A jelly (D:4)
  Crazy Yiuf (D:4)
  5 iguanas
  Jessica (D:2)
  8 orc wizards
  8 adders
  4 gnolls
  A white imp (D:5)
  An ufetubus (D:4)
  3 worms (D:3)
  4 dart slugs
  24 orcs
  4 ball pythons
  3 bats
  7 endoplasms
  11 giant cockroaches
  8 goblins
  9 hobgoblins
  9 jackals
  3 kobolds
  6 quokkas
  A frilled lizard (D:2)
  6 rats
141 creatures vanquished.

Vanquished Creatures (others)
  A dart slug zombie (D:5)
1 creature vanquished.

Grand Total: 142 creatures vanquished

Notes
Turn   | Place    | Note
-------+----------+-------------------------------------------
     0 | D:5      | flotson the Demonspawn Delver began the quest for the Orb.
     0 | D:5      | Reached XP level 1. HP: 18/18 MP: 1/1
    60 | D:5      | Noticed a hound
    63 | D:4      | Noticed an iguana
    77 | D:4      | Noticed an iguana
    78 | D:4      | Noticed a scorpion
    90 | D:4      | Noticed an orc priest
    91 | D:4      | Noticed an orc wizard
   279 | D:3      | Found a hazy altar of Hepliaklqana.
   336 | D:1      | Gained mutation: You regenerate magic rapidly. [demonic
                  | ancestry]
   336 | D:1      | Reached XP level 2. HP: 11/24 MP: 2/2
   519 | D:1      | Found a faded altar of an unknown god.
  1093 | D:2      | Gained mutation: You have a pair of small antennae on your
                  | head. [demonic ancestry]
  1093 | D:2      | Reached XP level 3. HP: 29/29 MP: 3/3
  1203 | D:2      | Found a hide-covered altar of Uskayaw.
  1205 | D:2      | Noticed Jessica
  1217 | D:2      | Killed Jessica
  1218 | D:2      | Reached skill level 1 in Armour
  1218 | D:2      | Reached skill level 1 in Evocations
  1340 | D:2      | Noticed Sigmund
  1349 | D:2      | Killed Sigmund
  1350 | D:2      | Reached skill level 1 in Throwing
  1350 | D:2      | Reached skill level 5 in Stealth
  1350 | D:2      | Gained mutation: Spells you cast may paralyse adjacent
                  | enemies. [demonic ancestry]
  1350 | D:2      | Reached XP level 4. HP: 25/37 MP: 4/4
  1350 | D:2      | Gained mutation: You have a pair of antennae on your head.
                  | [demonic ancestry]
  1350 | D:2      | Reached XP level 5. HP: 28/42 MP: 5/5
  2075 | D:3      | Gained mutation: Spells you cast may paralyse nearby
                  | enemies. [demonic ancestry]
  2075 | D:3      | Reached XP level 6. HP: 40/48 MP: 6/6
  2700 | D:4      | HP: 2/48 [orc wizard/+0 dagger (2)]
  3120 | D:4      | Found a runed translucent door.
  3121 | D:4      | Noticed Crazy Yiuf
  3434 | D:4      | Gained mutation: You have a somewhat thin skeletal
                  | structure. (Dex +2, Stealth+) [demonic ancestry]
  3434 | D:4      | Reached XP level 7. HP: 41/54 MP: 7/7
  4578 | D:4      | Killed Crazy Yiuf
  4732 | D:5      | Reached skill level 5 in Fighting
  4732 | D:5      | Gained mutation: You have a pair of large antennae on your
                  | head. (SInv) [demonic ancestry]
  4732 | D:5      | Reached XP level 8. HP: 45/62 MP: 8/8
  5582 | D:6      | Identified the +1 dagger "Kaudaaf" {antimagic, Int-5 Dex+5
                  | SInv}
  5940 | D:6      | Found a staircase to the Ecumenical Temple.
  5940 | D:6      | Noticed Grinder
  5943 | D:6      | Paralysed by Grinder for 3 turns
  5956 | D:6      | Killed Grinder
  5959 | Temple   | Entered the Ecumenical Temple
  6262 | D:6      | Slain by a bullfrog

Illustrated notes

Levels and vault maps discovered:
D:1:      erik_arrival_triangle_small, layout_loops_cross,
          hellmonk_ecumenical_altar_run_dry
D:2:      layout_basic, basic_altar, dk_vineyard_3, grunt_decor_mini_mirrors,
          uniq_jessica, uniq_sigmund
D:3:      minmay_recursive_quarters, layout_basic, mainiacjoe_overflow_24_doors,
          general_overflow_altar
D:4:      layout_loops_corners, portal_sewer_entry_f, grunt_ministairs_15,
          kennysheep_generic_room_15, uniq_crazy_yiuf_cottage
D:5:      layout_loops_ring, bh_walls_and_bars
D:6:      layout_basic, nemelex_spade_bored_becter,
          nicolae_overflow_two_pavilions, minmay_temple_entry_glass,
          uniq_grinder
Temple:   lightli_temple_of_artemis

Skill      XL: |  1  2  3  4  5  6  7  8 |
---------------+-------------------------+-----
Dodging        | 2 3 4 |  4.6
Armour         | 2 3 4 |  4.2
Evocations     | 2 3 4 |  4.6
Throwing       | 1 2 3 4 |  4.1
Stealth        | 5 |  5.0
Fighting       | 4 5 |  5.6
Axes           | |  1.7

Action                   |  1- 3 |  4- 6 |  7- 9 || total
-------------------------+-------+-------+-------++-------
Melee: Hand axe          |    19 |       |       ||    19
       Whip              |    51 |   201 |   123 ||   375
       Punch             |       |     1 |     1 ||     2
       Quarterstaff      |       |       |   127 ||   127
Throw: Dart              |       |     2 |     3 ||     5
  Use: Scroll            |     2 |     1 |       ||     3
       Potion            |     1 |     3 |     2 ||     6
 Stab: Sleeping          |     9 |     6 |     7 ||    22
       Distracted        |       |     1 |     1 ||     2
Armor: Leather armour    |     7 |       |       ||     7
       Ring mail         |     5 |    66 |    92 ||   163
Dodge: Dodged            |    27 |    98 |   145 ||   270
Block: Other             |       |    17 |    57 ||    74
       Reflection        |       |       |     3 ||     3

Table legend: (Time is in decaauts)
 A = Elapsed time spent in this place.
 B = Non-inter-level travel time spent in this place.
 C = Inter-level travel time spent in this place.
 D = Time resting spent in this place.
 E = Time spent auto-exploring this place.
 F = Levels seen in this place.
 G = Mean time per level.
                   A        B        C        D        E       F      G
               +--------+--------+--------+--------+--------+-----+--------+
         Total |   6314 |   6134 |    180 |    674 |   3990 |   7 |  902.0 |
       Dungeon |   6140 |   5969 |    171 |    674 |   3845 |   6 | 1023.3 |
        Temple |    173 |    164 |      9 |      0 |    145 |   1 |  173.0 |
               +--------+--------+--------+--------+--------+-----+--------+

Top non-repeatable levels by time:
     D:4: 1844 daAuts
     D:3: 1233 daAuts
     D:5: 1129 daAuts
     D:2: 971 daAuts
     D:1: 681 daAuts
     D:6: 280 daAuts
  Temple: 173 daAuts
